Map: [ESL] Solaris

Players

Solar - Winner!

  • Race: Zerg Zerg
  • Spawn Location: 7:00

Spirit

  • Race: Terran Terran
  • Spawn Location: 1:00

Event: IEM Katowice 2024

VOD

Have the link to the VOD?

Description

Time

  • Played on: Feb. 10, 2024, 6:20 a.m.
  • Length: 18:02

All games in this series

Show
View Real Time Build Order
Export as new Build Order

Solar Zerg - Winner!

Build Orders: Hatch First, Lurkers 

Get SALT Encoding   

  12  0:00  Drone  
  13  0:12  Overlord  
  13  0:17  Drone  
  14  0:31  Drone x2  
  16  0:47  Hatchery  
  15  0:51  Drone  
  15  0:54  Drone  
  17  0:58  Drone  
  18  1:09  Extractor  
  17  1:13  Spawning Pool  
  17  1:16  Drone  
  17  1:19  Drone  
  18  1:28  Drone  
  19  1:40  Drone  
  20  1:51  Drone  
  21  1:59  Queen  
  21  2:00  Queen  
  25  2:02  Drone x2  
  27  2:10  Overlord  
  27  2:11  Drone  
  28  2:20  Hatchery  
  27  2:23  Drone  
  27  2:29  Drone  
  29  2:35  Drone, Queen  
  32  2:39  Metabolic Boost  
  32  2:44  Overlord  
  32  2:50  Drone x2  
  34  2:55  Drone x2  
  36  3:04  Drone  
  36  3:05  Drone  
  38  3:07  Drone x3  
  38  3:09  Queen  
  43  3:16  Overlord  
  43  3:21  Extractor, Queen  
  43  3:24  Overlord  
  45  3:32  Queen  
  47  3:37  Drone x4  
  47  3:40  Drone x3  
  47  3:41  Drone  
  55  3:46  Queen  
  57  3:49  Drone  
  57  3:50  Zergling x2  
  57  3:51  Zergling x2  
  57  3:52  Overlord  
  60  3:56  Drone  
  60  3:57  Drone  
  60  3:59  Drone  
  60  4:02  Drone  
  64  4:07  Zergling x4  
  66  4:10  Queen  
  66  4:12  Overlord  
  66  4:16  Overlord  
  68  4:17  Drone  
  68  4:18  Drone x3  
  68  4:20  Lair  
  68  4:24  Drone x2  
  74  4:31  Drone x2  
  74  4:32  Drone x4  
  74  4:37  Extractor, Hatchery  
  78  4:40  Extractor  
  78  4:42  Spore Crawler x2  
  78  4:43  Spore Crawler  
  74  4:48  Drone  
  74  4:49  Drone x2  
  74  4:51  Baneling Nest, Queen  
  78  4:55  Overlord  
  78  4:57  Drone x3  
  82  5:00  Drone x2  
  82  5:06  Drone x3, Evolution Chamber  
  85  5:07  Evolution Chamber  
  85  5:08  Extractor  
  85  5:10  Drone  
  85  5:11  Drone x2, Extractor  
  85  5:14  Zergling x6  
  85  5:16  Drone  
  85  5:18  Overseer  
  85  5:20  Drone, Overlord  
  90  5:22  Drone  
  90  5:23  Drone  
  90  5:24  Drone  
  90  5:28  Drone  
  94  5:29  Overlord  
  94  5:33  Zerg Melee Weapons Level 1, Zerg Ground Armor Level 1  
  94  5:36  Drone x3  
  94  5:40  Zergling x4  
  94  5:41  Zergling x2  
  100  5:45  Hydralisk Den  
  100  5:49  Spore Crawler, Centrifugal Hooks  
  98  5:51  Drone x3  
  98  5:52  Drone x3  
  98  5:56  Queen  
  106  6:03  Drone  
  107  6:06  Zergling x10, Overlord  
  112  6:14  Drone  
  112  6:16  Overlord  
  112  6:21  Extractor  
  112  6:22  Baneling x11  
  112  6:23  Zergling x18  
  112  6:25  Overlord, Grooved Spines  
  120  6:29  Drone, Overlord  
  120  6:34  Overlord x2  
  120  6:36  Drone  
  122  6:40  Drone  
  122  6:45  Zergling x14  
  129  6:47  Baneling x2  
  129  6:48  Hydralisk  
  131  6:56  Hydralisk x4  
  138  7:02  Drone x4  
  138  7:03  Drone, Overlord  
  138  7:08  Hydralisk x2  
  147  7:12  Baneling x4  
  147  7:13  Overseer  
  147  7:14  Drone x3, Overlord  
  150  7:16  Drone  
  150  7:17  Muscular Augments  
  150  7:19  Zergling x4  
  150  7:20  Infestation Pit  
  152  7:23  Drone x4  
  152  7:24  Extractor  
  152  7:28  Zergling x12  
  161  7:30  Overlord  
  161  7:33  Overlord  
  160  7:44  Overlord  
  160  7:45  Overlord  
  160  7:48  Zerg Melee Weapons Level 2, Zerg Ground Armor Level 2  
  160  7:50  Hydralisk x3  
  160  7:51  Hatchery  
  164  7:53  Hydralisk x4  
  164  7:54  Zergling x2  
  164  7:56  Zergling x2  
  164  7:57  Zergling x4  
  174  7:59  Zergling x6  
  174  8:00  Baneling x3  
  174  8:01  Zergling x2  
  174  8:05  Zergling x4  
  180  8:10  Zergling x8  
  180  8:12  Zergling x4  
  186  8:16  Zergling x2  
  188  8:23  Zergling x14  
  188  8:24  Zergling x4  
  188  8:25  Baneling x16  
  188  8:26  Baneling  
  196  8:31  Hatchery  
  195  8:35  Zergling x8  
  195  8:40  Hive  
  190  9:02  Zergling x28  
  181  9:11  Hydralisk x2, Lurker Den  
  181  9:12  Zergling x8  
  181  9:16  Hatchery  
  186  9:20  Zergling x6  
  186  9:22  Overlord  
  186  9:23  Zergling x2  
  187  9:34  Baneling x8  
  187  9:35  Zergling x6  
  189  9:41  Baneling x5  
  189  9:42  Hydralisk x3  
  189  9:43  Zergling x4  
  196  9:48  Hatchery  
  196  9:52  Zergling x14  
  191  9:56  Hydralisk  
  191  9:59  Zergling x4  
  191  10:04  Zerg Missile Weapons Level 1  
  191  10:07  Viper x3  
  199  10:18  Hydralisk x3  
  199  10:19  Hydralisk  
  198  10:22  Zergling x2, Zerg Ground Armor Level 3  
  198  10:27  Zergling x4  
  192  10:32  Overseer  
  192  10:34  Zergling x2  
  191  10:38  Hatchery  
  191  10:40  Zergling x10  
  191  10:42  Drone x4  
  197  10:47  Drone x2  
  197  10:48  Seismic Spines  
  197  10:49  Zergling x2  
  200  11:00  Nydus Network  
  200  11:02  Drone  
  200  11:06  Drone, Hatchery  
  200  11:21  Baneling x6  
  200  11:22  Baneling x2  
  200  11:37  Adrenal Glands  
  200  11:41  Unknown  
  200  11:45  Drone, Adaptive Talons  
  200  11:51  Hatchery  
  200  11:53  Drone x2  
  200  12:08  Hatchery  
  197  12:10  Zergling x6  
  197  12:14  Baneling  
  197  12:15  Baneling x12  
  199  12:34  Zerg Melee Weapons Level 3  
  184  12:46  Zergling x42  
  184  12:51  Zergling x24  
  189  12:58  Zerg Missile Weapons Level 2  
  189  13:00  Lurker x7  
  189  13:05  Hydralisk  
  196  13:06  Zergling x2  
  196  13:09  Hatchery  
  196  13:11  Baneling x13  
  196  13:12  Baneling x3  
  198  13:16  Baneling  
  198  13:17  Baneling x10  
  198  13:19  Overseer  
  198  13:20  Overseer  
  198  13:26  Drone  
  198  13:27  Drone x2  
  199  13:35  Zergling x2  
  199  13:38  Spore Crawler  
  199  13:39  Baneling  
  197  13:41  Pneumatized Carapace  
  197  13:50  Nydus Canal  
  188  13:58  Zergling x38  
  188  14:01  Hydralisk  
  188  14:02  Zergling x2  
  188  14:03  Zergling x24  
  188  14:07  Overseer  
  200  14:16  Zergling x2  
  200  14:17  Zergling x4  
  200  14:25  Nydus Canal  
  200  14:27  Zergling x6  
  200  14:29  Baneling x14  
  200  14:33  Hatchery  
  200  14:36  Drone  
  198  14:47  Hydralisk x3  
  198  14:48  Zergling x20  
  182  14:52  Zergling x2  
  182  14:53  Zergling x14  
  182  14:57  Hatchery  
  182  14:59  Nydus Canal  
  188  15:00  Hydralisk x3  
  188  15:01  Zergling x8  
  198  15:07  Drone x2  
  189  15:21  Zergling x20  
  189  15:22  Zergling x4  
  189  15:28  Zergling x12  
  190  15:32  Zergling x8  
  193  15:35  Baneling  
  193  15:36  Overseer x2, Baneling x15  
  193  15:37  Overseer x3  
  193  15:40  Zergling x14, Baneling x14  
  193  15:42  Nydus Canal  
  200  15:45  Overseer  
  200  16:02  Zergling x10, Nydus Canal  
  200  16:09  Hydralisk x2  
  200  16:10  Zergling x8  
  191  16:19  Zergling x2  
  191  16:20  Zergling x34  
  200  16:29  Baneling x2  
  200  16:37  Burrow  
  200  16:43  Zergling x2  
  191  16:47  Zergling x8  
  191  16:48  Zergling x10  
  191  16:51  Hydralisk  
  191  16:52  Zergling x20, Hydralisk  
  197  17:01  Baneling  
  197  17:02  Baneling x19  
  197  17:03  Zergling x2  
  197  17:04  Zergling x4  
  197  17:05  Nydus Canal  
  196  17:23  Baneling x2  
  196  17:27  Zergling x12  
  196  17:28  Zergling x2  
  198  17:31  Zergling x10  
  198  17:33  Zergling x4  
  198  17:34  Zergling x2  
  198  17:35  Nydus Canal  
  197  17:39  Zergling x4  
  195  17:45  Zergling x2  
Show
View Real Time Build Order
Export as new Build Order

Spirit Terran 

Build Orders: Command Center First, Hellion Banshee 

Get SALT Encoding   

  12  0:00  SCV  
  13  0:12  SCV  
  14  0:17  Supply Depot  
  14  0:24  SCV  
  15  0:38  SCV  
  16  0:50  SCV  
  17  0:59  Command Center  
  17  1:03  SCV  
  18  1:13  Barracks  
  18  1:16  SCV  
  19  1:21  Refinery  
  19  1:29  SCV  
  19  1:30  Refinery  
  20  1:41  SCV  
  21  1:53  SCV  
  22  2:00  Reaper  
  23  2:06  Orbital Command  
  23  2:10  Orbital Command  
  23  2:20  Factory  
  23  2:23  Supply Depot  
  23  2:32  SCV  
  23  2:35  Barracks Reactor  
  24  2:38  SCV  
  24  2:44  SCV  
  26  2:50  SCV  
  27  2:56  SCV  
  27  2:57  Command Center  
  28  3:02  SCV  
  28  3:05  Starport  
  29  3:08  SCV  
  30  3:16  Hellion  
  30  3:17  Hellion  
  30  3:18  SCV  
  35  3:21  Supply Depot  
  35  3:22  Barracks Tech Lab  
  35  3:24  SCV  
  36  3:30  SCV  
  37  3:36  SCV  
  37  3:38  Hellion x2  
  42  3:42  SCV  
  42  3:47  Banshee  
  47  3:48  SCV  
  47  3:49  Cloaking Field  
  47  3:53  Barracks Tech Lab  
  47  3:54  SCV  
  48  4:00  SCV  
  53  4:03  Hellion x2  
  53  4:06  SCV  
  53  4:09  Orbital Command  
  54  4:12  SCV  
  54  4:13  Stimpack  
  54  4:14  Marine  
  56  4:18  SCV  
  56  4:21  Supply Depot  
  61  4:24  Hellion x2, SCV  
  61  4:30  SCV  
  61  4:31  Orbital Command, Marine  
  63  4:33  Banshee  
  63  4:36  SCV  
  69  4:42  SCV  
  69  4:49  Marine, SCV  
  69  4:52  Refinery  
  71  4:53  Factory Reactor, Refinery  
  71  4:54  Barracks, SCV, Supply Depot  
  71  4:55  Barracks  
  72  5:01  SCV  
  72  5:02  SCV  
  72  5:04  Engineering Bay  
  72  5:05  Engineering Bay  
  72  5:06  SCV  
  75  5:14  SCV  
  75  5:15  Barracks, SCV  
  75  5:16  Barracks  
  75  5:19  SCV  
  78  5:26  Starport Reactor, SCV  
  78  5:27  SCV  
  80  5:30  Supply Depot  
  80  5:31  SCV  
  80  5:33  Terran Infantry Weapons Level 1, Terran Infantry Armor Level 1  
  80  5:34  Supply Depot  
  81  5:38  Bunker, SCV  
  81  5:39  SCV  
  83  5:43  SCV  
  83  5:49  Marine  
  85  5:52  Siege Tank, SCV, Marine x4  
  85  5:53  Combat Shield  
  85  5:56  SCV x2  
  95  6:04  Barracks Reactor x2, SCV  
  95  6:05  Supply Depot  
  95  6:07  Marine, Supply Depot  
  95  6:08  SCV  
  95  6:09  Marine x3  
  101  6:16  Supply Depot  
  101  6:26  Medivac x2, Marine x2  
  101  6:27  SCV x2  
  101  6:28  Siege Tank, SCV, Marine x3  
  101  6:32  Supply Depot  
  116  6:33  Refinery  
  116  6:34  Supply Depot  
  116  6:40  Marine x3  
  116  6:41  Marine  
  116  6:44  Marine x2  
  116  6:46  Marine x3  
  125  6:50  Supply Depot  
  122  6:56  Armory  
  122  6:57  Marine x2, Medivac  
  122  6:58  Marine x2  
  122  6:59  Medivac  
  122  7:00  Supply Depot  
  130  7:02  Marine x2  
  130  7:03  Marine x2  
  130  7:04  Marine  
  135  7:09  Siege Tank  
  135  7:15  Marine x2  
  138  7:16  Marine x2, Supply Depot  
  138  7:20  Marine x2  
  138  7:21  Marine x3  
  147  7:24  Supply Depot  
  147  7:33  Marine x2  
  147  7:34  Marine x2  
  151  7:37  Marine x2  
  151  7:39  Marine x3  
  151  7:41  Siege Tank  
  151  7:44  Terran Infantry Weapons Level 2  
  158  7:45  Terran Infantry Armor Level 2  
  158  7:51  Marine x2  
  158  7:52  Marine x2  
  158  7:55  Marine x2  
  158  7:57  Marine x3  
  167  8:01  Medivac  
  169  8:08  Command Center  
  169  8:09  Marine x2  
  169  8:10  Marine x2  
  173  8:18  Supply Depot  
  173  8:19  Supply Depot  
  173  8:39  Marine x4  
  173  8:40  Siege Tank, Marine x2, SCV, Medivac x2  
  173  8:57  Marine x6  
  173  8:59  Marine  
  173  9:00  SCV  
  165  9:04  Marine  
  165  9:05  Marine  
  165  9:06  SCV  
  165  9:09  SCV  
  166  9:10  Medivac x2  
  166  9:12  Siege Tank, SCV  
  166  9:15  Marine x5  
  170  9:21  Marine  
  170  9:22  SCV x2  
  171  9:24  SCV  
  171  9:25  Barracks x2  
  171  9:26  Barracks, Factory  
  172  9:31  Marine  
  172  9:34  SCV x2  
  172  9:36  SCV  
  173  9:40  Marine, Medivac x2  
  173  9:42  Marine  
  173  9:44  Siege Tank  
  182  9:46  SCV x2  
  182  9:48  SCV  
  182  9:51  Marine x4  
  175  9:58  SCV x2  
  171  10:04  Sensor Tower, SCV  
  172  10:10  SCV  
  172  10:11  Command Center  
  166  10:16  Siege Tank  
  166  10:17  Marine  
  166  10:18  SCV  
  166  10:19  Marine  
  166  10:20  Medivac x2  
  164  10:21  SCV  
  164  10:23  SCV, Marine  
  158  10:30  SCV  
  158  10:31  Terran Infantry Weapons Level 3  
  158  10:32  Marine  
  153  10:37  SCV  
  153  10:42  SCV  
  144  10:43  Barracks Tech Lab x3, Factory Tech Lab  
  144  10:46  Terran Infantry Armor Level 3  
  146  10:50  Medivac x2  
  146  10:53  Refinery  
  146  10:54  Marine x7, Refinery  
  146  10:55  Marine  
  146  10:56  Missile Turret  
  152  10:59  Planetary Fortress  
  152  11:04  SCV  
  152  11:05  Refinery  
  152  11:06  Sensor Tower  
  152  11:08  Marine  
  152  11:09  Marine  
  152  11:10  Marine, SCV  
  157  11:16  Siege Tank  
  160  11:19  Marauder  
  160  11:20  Viking x2, Concussive Shells  
  166  11:26  Marauder  
  166  11:31  Marauder, Marine  
  171  11:34  Terran Vehicle Weapons Level 1, Command Center  
  171  11:40  Missile Turret  
  171  11:41  Siege Tank, Missile Turret, Ghost Academy  
  171  11:43  Marauder x2, Marine  
  171  11:45  Marine  
  180  11:48  Siege Tank  
  183  11:55  Viking  
  183  11:59  Viking  
  187  12:13  Siege Tank  
  187  12:15  Ghost x2  
  191  12:19  Ghost  
  195  12:24  Siege Tank  
  195  12:26  Command Center  
  198  12:30  Ghost  
  198  12:31  Command Center  
  198  12:34  Missile Turret  
  198  12:36  Missile Turret  
  198  12:37  Missile Turret  
  176  13:08  Bunker  
  176  13:10  Supply Depot x2  
  176  13:11  Supply Depot x2  
  176  13:12  Ghost, Supply Depot  
  176  13:13  Orbital Command, Bunker, Missile Turret  
  176  13:14  Planetary Fortress  
  178  13:25  Marine  
  178  13:26  Marine  
  178  13:30  Marine  
  178  13:31  Ghost x3  
  178  13:32  Siege Tank x2, Liberator  
  187  13:42  Marauder  
  187  13:44  Unknown  
  187  13:47  Sensor Tower, Missile Turret x2  
  189  13:49  Missile Turret, Marine  
  189  13:51  Marine  
  183  14:00  Marine  
  183  14:01  Marauder x3  
  181  14:03  Marine  
  181  14:04  Siege Tank x2  
  181  14:07  Marauder  
  181  14:09  Marine  
  190  14:14  Marine  
  190  14:17  Marine  
  175  14:25  Marine  
  175  14:30  Marauder, Marine  
  179  14:36  Siege Tank x2, SCV x5  
  189  14:48  SCV  
  189  14:51  SCV  
  172  14:57  SCV x2  
  172  15:01  Marauder  
  172  15:07  Marine  
  172  15:08  Siege Tank x2, Marauder  
  179  15:16  Marine  
  179  15:17  Marine, Marauder  
  180  15:22  Medivac  
  180  15:23  Medivac  
  180  15:27  Marine x2  
  164  15:30  Marine  
  164  15:31  Marine  
  164  15:35  Marauder  
  167  15:40  Siege Tank x2  
  173  15:46  Planetary Fortress  
  172  15:52  Medivac  
  172  15:54  Marauder  
  172  16:03  Marauder x2  
  168  16:12  Siege Tank, Marine  
  168  16:15  Marauder  
  168  16:16  Barracks Tech Lab  
  174  16:20  Siege Tank  
  177  16:39  Marine  
  178  16:46  Siege Tank  
  162  16:55  Marine  
  162  17:00  Orbital Command  
  156  17:30  Marine  
  156  17:32  Marauder x2  
  155  17:41  Sensor Tower, Missile Turret  

Tags
 
Add a new tag
Caveats
  • Supply blocks, unpowered buildings, or Contaminate may cause inaccurate times.
  • Supply counts are checked every 10 seconds.